Cogmind - Beta 14 @@@ ROGUE MODE // 2024.12.11 @ 12:55:36 Player: Home Result: Self-destructed Performance ------------- Evolutions (1) 500 Regions Visited (2) 400 Robots Destroyed (17) 85 Value Destroyed (504) 504 Prototype IDs (0) 0 Alien Tech Used (0) 0 Bonus (0) 0 TOTAL SCORE: 1489 Bonus ------- None Cogmind --------- Core Integrity 154/400 Matter 64/300 Energy 100/100 System Corruption 2% Temperature Cool (0) Movement Core (2000) Ox39 Location -9/Materials Parts ------- > --- POWER (1) -------- (None) > --- PROPULSION (2) --- (None) > --- UTILITY (4) ------ High-capacity Storage Unit High-capacity Storage Unit High-capacity Storage Unit > --- WEAPON (2) ------- (None) > --- INVENTORY (20) --- Ion Engine Light Ion Engine Large Storage Unit Datajack Peak State ------------ > --- POWER ------------ Reinforced Ion Engine > --- PROPULSION ------- Aluminum Leg > --- UTILITY ---------- High-capacity Storage Unit High-capacity Storage Unit High-capacity Storage Unit High-capacity Battery > --- WEAPON ----------- Particle Cannon Mini Grenade Launcher > --- INVENTORY -------- Ion Engine Light Ion Engine Large Storage Unit Small Laser Light Assault Rifle Datajack [Rating: 11] Favorites ----------- Power Reinforced Ion Engine Engine Reinforced Ion Engine Power Core Light Nuclear Core Propulsion Aluminum Leg Leg Aluminum Leg Utility High-capacity Storage Unit Storage High-capacity Storage Unit Weapon Light Assault Rifle Energy Gun Medium Laser Energy Cannon Particle Cannon Ballistic Gun Light Assault Rifle Launcher Mini Grenade Launcher Special Melee Weapon Datajack Build | -11 -10 -9 ------- Run | Yrd Mat Mat Slots Evolved 2 | . . 2 Power . | . . . Propulsion . | . . . Utility 2 | . . 2 Weapon . | . . . Parts Attached 26 | 2 17 7 Power 4 | 1 2 1 Engine 3 | 1 1 1 Core 1 | . 1 . Reactor . | . . . Propulsion 3 | . 3 . Treads . | . . . Leg 3 | . 3 . Wheel . | . . . Hover . | . . . Flight . | . . . Utility 5 | . 3 2 Device . | . . . Storage 5 | . 3 2 Processor . | . . . Hackware . | . . . Protection . | . . . Artifact . | . . . Weapon 14 | 1 9 4 Energy Gun 8 | 1 6 1 Energy Cannon 1 | . . 1 Ballistic Gun 3 | . 2 1 Ballistic Cannon . | . . . Launcher 1 | . . 1 Special Weapon . | . . . Impact Weapon . | . . . Slashing Weapon . | . . . Piercing Weapon . | . . . Special Melee Weapon 1 | . 1 . Unidentified Prototypes . | . . . Parts Lost 11 | . 4 7 Power 2 | . 1 1 Propulsion 2 | . 1 1 Utility 1 | . . 1 Weapon 6 | . 2 4 Highest Loss Streak 4 | . 4 4 To Critical Strikes 1 | . . 1 Average Slot Usage (%) 84 | . 76 86 Engine 10 | . 7 10 Leg 12 | . 21 10 Storage 38 | . 14 43 Energy Gun 5 | . 20 2 Energy Cannon 2 | . . 2 Ballistic Gun 7 | . 5 8 Launcher 6 | . . 8 Peak Build Rating 11 | 2 10 11 Average Rating 7 | 1 6 9 On Entrance 2 | . 2 6 Naked Turns . | . . . Heaviest Build 139 | 7 49 139 Greatest Support 20 | 3 20 10 Greatest Overweight (x) 46 | 2 8 46 Average Overweight (x) 5 | 1 1 13 Largest Inventory Capacity 20 | 5 20 20 Average Capacity 14 | 5 11 20 Most Carried 6 | 5 6 6 Average Carried 4 | 4 3 4 Final Capacity 20 | 5 20 20 Final Carried 5 | 5 5 4 Class Distribution -------------------- 100% | Mutant Dominant Class ---------------- Mutant | -10/Materials Mutant | -9/Materials Resources | -11 -10 -9 ----------- Run | Yrd Mat Mat Matter Collected 393 | 220 112 61 Remotely . | . . . Salvage Created 502 | . 281 221 Parts 18 | . 7 11 Haulers Intercepted . | . . . Recyclers Shooed 2 | . . 2 Parts Field Recycled . | . . . Retrieved Matter . | . . . Parts Self-Destructed . | . . . Prevented . | . . . Kills | -11 -10 -9 ------- Run | Yrd Mat Mat Combat Hostiles Destroyed 13 | . 6 7 Guns 7 | . 6 1 AOE 6 | . . 6 Classes Destroyed 6 | . 1 5 Builder 1 | . . 1 Recycler 1 | . . 1 Watcher 2 | . . 2 Swarmer 3 | . . 3 Grunt 8 | . 6 2 Sentry 2 | . . 2 Best Kill Streak 3 | . 2 3 Combat Bots Only 3 | . 2 3 Max Kills in Single Turn 3 | . 1 3 Gunslinging . | . . . Exploded 3 | . . 3 Melee . | . . . Uniques/NPCs Destroyed . | . . . Combat | -11 -10 -9 -------- Run | Yrd Mat Mat Hostile Shots Fired 200 | . 64 136 Missed 60 | . 15 45 Damage Taken 1720 | . 635 1085 Core 418 | . 172 246 Absorbed by Shields . | . . . Core Remaining (%) 65 | 100 31 . Volleys Fired 49 | . 34 15 Largest 2 | . 2 2 Hottest 115 | . 115 98 Shots Fired 84 | . 54 30 Gun 67 | . 54 13 Cannon 6 | . . 6 Launcher 11 | . . 11 Special . | . . . Kinetic 11 | . 2 9 Thermal 62 | . 52 10 Explosive 11 | . . 11 Electromagnetic . | . . . Robot Hit Streak 8 | . 8 7 Robot Miss Streak 2 | . 2 2 Penetration Max . | . . . Secondary Targets . | . . . Shots Hit Robots 56 | . 37 19 Core Hits 39 | . 16 23 Critical Kills . | . . . Critical Parts Destroyed . | . . . Critical Strikes 2 | . 2 . Burn 2 | . 2 . Melee Attacks 2 | . 2 . Impact . | . . . Slashing . | . . . Piercing . | . . . Sneak Attacks . | . . . Combat Hostiles . | . . . Follow-up Attacks . | . . . Damage Inflicted 1241 | . 466 775 Guns 554 | . 465 89 Cannons 104 | . . 104 Explosions 579 | . . 579 Melee . | . . . Ramming 4 | . 1 3 Kinetic 43 | . . 43 Thermal 615 | . 465 150 Explosive 579 | . . 579 Electromagnetic . | . . . Impact . | . . . Slashing . | . . . Piercing . | . . . Highest Corruption 2 | . . 2 Average Corruption 2 | . . 2 Corruption Purged . | . . . Corruption Blocked . | . . . Effects 18 | . . 18 Message Errors 5 | . . 5 Matter Fused 4 | . . 4 Heat Flow Errors 3 | . . 3 Energy Discharges 3 | . . 3 Data Loss (minor) 1 | . . 1 Data Loss (major) 2 | . . 2 Overload Shots . | . . . Overflow Damage 60 | . . 60 Projectiles . | . . . Explosions 60 | . . 60 Melee . | . . . Knockbacks . | . . . Impact . | . . . Kinetic . | . . . Secondary . | . . . Self-Inflicted Damage 156 | . . 156 Shots 4 | . . 4 Rammed 1 | . . 1 Targets Rammed 3 | . 1 2 Kicked 2 | . 1 1 Crushed . | . . . Highest Temperature 549 | . 549 267 Average Temperature 140 | . 179 84 Received Heat Transfer 735 | . 402 333 Effects 6 | . 6 . Shutdowns 1 | . 1 . Energy Bleed 1 | . 1 . Matter Decay 2 | . 2 . Short Circuit 1 | . 1 . Damage (minor) 1 | . 1 . Siege Activations . | . . . Robots Corrupted . | . . . Combat Hostiles . | . . . Parts Fried . | . . . Impact Corruptions . | . . . Robots Melted . | . . . Combat Hostiles . | . . . Parts Melted 2 | . 2 . Heat Transferred 1598 | . 1313 285 Parts Sabotaged . | . . . Parts Stolen . | . . . Parts Stripped . | . . . Power Chain Reactions . | . . . Alert | -11 -10 -9 ------- Run | Yrd Mat Mat Peak Influence 126 | . 126 108 Initial 12 | . . 12 Average 26 | . 64 28 Maximum Alert Level . | . . . Low Security (%) 100 | 100 100 100 Level 1 . | . . . Level 2 . | . . . Level 3 . | . . . Level 4 . | . . . Level 5 . | . . . High Security . | . . . Max Security . | . . . Squads Dispatched 1 | . . 1 Investigation . | . . . Extermination . | . . . Reinforcement 1 | . . 1 Assault . | . . . Garrison . | . . . Intercept . | . . . Searches Triggered . | . . . Construction Impeded 1 | . . 1 Haulers Reinforced . | . . . Active Scanning Responses . | . . . Cargo Convoy Interrupts . | . . . Stealth | -11 -10 -9 --------- Run | Yrd Mat Mat Distress Signals 2 | . . 2 Communications Jammed . | . . . Distress Signals . | . . . Times Spotted 27 | . 9 18 Peak Tracking Total 5 | . 2 5 Tactical Retreats 1 | . . 1 Traps | -11 -10 -9 ------- Run | Yrd Mat Mat Traps Triggered 1 | . . 1 Indirectly . | . . . Trap Hack Attempts . | . . . Triggered . | . . . Disarmed . | . . . Reprogrammed . | . . . Reused . | . . . Traps Extracted . | . . . Installed . | . . . Triggered . | . . . Machines | -11 -10 -9 ---------- Run | Yrd Mat Mat Machines Disabled 3 | . . 3 Max in Single Turn 1 | . . 1 Machines Repaired . | . . . Machines Dismantled . | . . . Machines Sabotaged . | . . . Overloaded Fab Kills . | . . . Hacking | -11 -10 -9 --------- Run | Yrd Mat Mat Machines Accessed 1 | . 1 . Terminals 1 | . 1 . Fabricators . | . . . Repair Stations . | . . . Recycling Units . | . . . Scanalyzers . | . . . Garrison Access . | . . . Total Hacks 1 | . 1 . Successful 1 | . 1 . Failed . | . . . Catastrophic . | . . . Database Lockouts . | . . . Manual . | . . . Terminals 1 | . 1 . Fabricators . | . . . Repair Stations . | . . . Recycling Units . | . . . Scanalyzers . | . . . Garrison Access . | . . . Terminal Hacks 1 | . 1 . Alert Level 1 | . 1 . Fabricator Hacks . | . . . Repair Station Hacks . | . . . Recycling Unit Hacks . | . . . Scanalyzer . | . . . Garrison Access Hacks . | . . . Unauthorized Hacks . | . . . Terminals . | . . . Fabricators . | . . . Repair Stations . | . . . Recycling Units . | . . . Scanalyzers . | . . . Garrison Access . | . . . Data Cores Recovered . | . . . Used . | . . . Hacking Detections . | . . . Full Trace Events . | . . . Feedback Events . | . . . Feedback Blocked . | . . . Robot Schematics Acquired . | . . . Robots Built . | . . . Authchips . | . . . Time . | . . . Total Robot Build Rating . | . . . Part Schematics Acquired . | . . . Parts Built . | . . . Authchips . | . . . Time . | . . . Total Part Build Rating . | . . . Parts Repaired . | . . . Time . | . . . Parts Recycled . | . . . Recycled Matter . | . . . Retrieved Matter . | . . . Retrieved Components . | . . . Parts Scanalyzed . | . . . Part Schematics Acquired . | . . . Parts Damaged . | . . . Bothacking | -11 -10 -9 ------------ Run | Yrd Mat Mat Used RIF Installer . | . . . Robots Hacked . | . . . Non-combat . | . . . Combat . | . . . Robot Hacks Applied . | . . . Relay Couplers Released . | . . . Fabnet Peak Effective % . | . . . Robots Rewired . | . . . Allies Hacked . | . . . Hacks Repelled . | . . . Allies | -11 -10 -9 -------- Run | Yrd Mat Mat Total Allies . | . . . Largest Group . | . . . Highest-Rated Group . | . . . Highest-Rated Ally . | . . . Total Orders . | . . . Ally Attacks . | . . . Total Damage . | . . . Kills . | . . . Allies Corrupted . | . . . Allies Melted . | . . . Intel | -11 -10 -9 ------- Run | Yrd Mat Mat Robot Analysis Total . | . . . Derelict Logs Recovered . | . . . Drone Launches . | . . . Drone Recoveries . | . . . Exploration | -11 -10 -9 ------------- Run | Yrd Mat Mat Turns Passed 3694 | 945 543 2206 Spaces Moved 595 | 202 190 203 Core 210 | 202 4 4 Treads . | . . . Legs 385 | . 186 199 Wheels . | . . . Hover . | . . . Flight . | . . . Fastest Speed 50 | 50 120 960 Average Speed 457 | 135 197 1022 Slowest Speed 2350 | 150 450 2350 Overloaded Moves . | . . . Propulsion Burnouts . | . . . Robots Hopped . | . . . Cave-ins Triggered . | . . . Exploration Rate (%) 24 | 22 30 22 Regions Visited 2 Branch Regions . Pre-discovered Areas . | . . . Known Exits Taken . | . . . Unknown Exits Taken 2 | 1 1 . Scrap Searched . | . . . Spaces Dug . | . . . Terrain Destroyed 108 | . . 108 Melee . | . . . Projectile . | . . . AOE 108 | . . 108 Terrain Rammed . | . . . Walls Destroyed . | . . . Machines Disabled . | . . . Actions | -11 -10 -9 --------- Run | Yrd Mat Mat Total 1445 | 872 300 273 Wait 755 | 664 48 43 Move 593 | 201 189 203 Hop . | . . . Pick Up 16 | 5 8 3 Fast Attach 3 | 2 1 . Attach 12 | . 8 4 Detach . | . . . Swap 11 | . 8 3 Drop 1 | . 1 . Fire 49 | . 34 15 Melee 2 | . 2 . Ram 1 | . . 1 Kick 2 | . 1 1 Crush . | . . . Escape Stasis . | . . . Rewire . | . . . Trap . | . . . Miscellaneous . | . . . Route ------- -11/Scrapyard -10/Materials -9/Materials History --------- Turn | Location | Event 2 | -11/Scrapyard | Met Revision 17 30 | -11/Scrapyard | Discovered new exit (range 15) 946 | -11/Scrapyard | Entered Materials 969 | -10/Materials | Build established: Mutant 1250 | -10/Materials | Core integrity fell below 50% 1278 | -10/Materials | Lost 4 parts (1p1n2w) 1352 | -10/Materials | Discovered new exit (range 14) 1489 | -10/Materials | Entered another Materials area 1489 | -9/Materials | Evolved 2 slots: Utility x2 3681 | -9/Materials | Core integrity fell below 50% 3695 | -9/Materials | Self-destructed Last Messages --------------- K-01 Serf collects debris. R-06 Scavenger collects Lgt. Ion Engine. K-01 Serf collects debris. K-01 Serf destroyed. R-06 Scavenger collects Wheel. K-01 Serf collects debris. Sml. Laser destroyed. K-01 Serf collects debris. Critical hit (Destroy). Lgt. Assault Rifle destroyed. R-06 Scavenger collects Lgt. Ion Engine. K-01 Serf collects debris. Hcp. Battery destroyed. K-01 Serf collects debris. Critical hit (Burn: +37). K-01 Serf collects debris. K-01 Serf destroyed. K-01 Serf collects debris. Critical hit (Burn: +37). K-01 Serf collects debris. Map ----- +----------------------------------------------------+ | ???????????????# """# #????????# """ / | | ???????????????# """# #????????# | | ???????????????# """# #????????# """ | | ???????????????# # ########????????# """ | | ???????????????# # #???????????????# """ | | ???????????????# # ##??????????????# | | ???????????????# + ##########+############ | | ???????????????# # ????? | | ???????????????######### ????? | | ?????????? ????? | | ???????????????########## ###+####### ??????????? | | ?????????????????????## #u # #??????????????? | | ??????????????????????###u + #??????????????? | | ????????????????????????# ## " #??????????????? | | ????????????????????????# ## " #??????????????? | | ????????????????????????# ## #??????????????? | | ?????????????????????#### ## #??????????????? | | ???????????????????### ## ###### ##??????????????? | | ??????????????????## #%########???????????????? | | ?????????????????## #####r###????????????????????? | | ?????????????????# # % ##????????????????????? | | ?????????????????#### # #???????????????????? | | ?????????????????# # s!s# #???????????????????? | | ?????????????????# # g%%# #???????????????????? | | ?????????????????#### k kk ###???????????????????? | | ??????????????????# # % =@ ##????????????????????? | | ??????????????????#######s## ????????????????????? | | ????????????????? % ???????????????????? | | ??????????????? % ??????????????????? | | ?????????????? ?????????????????? | | ????????????? #########+##" ????????????????? | | ?????????????? ????????? ?" !"|????????????????? | | ????????????? ?????????? ]??"""""???????????????? | | ????????????????????????" ????#?##??????????????? | | ????????????????????????" ??????????????????????? | | ????????????????????????" ??????????????????????? | | ????????????????????????? =??????????????????????? | | ?????????????????????????##??????????????????????? | | ?????????????????????????????????????????????????? | | ?????????????????????????????????????????????????? | | ?????????????????????????????????????????????????? | | ?????????????????????????????????????????????????? | | ?????????????????????????????????????????????????? | | ?????????????????????????????????????????????????? | | ?????????????????????????????????????????????????? | | ?????????????????????????????????????????????????? | | ?????????????????????????????????????????????????? | | ?????????????????????????????????????????????????? | | ?????????????????????????????????????????????????? | | ?????????????????????????????????????????????????? | +----------------------------------------------------+ Best States ------------- Heat Dissipation 28 Energy Generation 14 Energy Capacity 515 Matter Stores 300 Matter Capacity 300 Sight Range 16 Terrain Scan Density 10 Evasion (%) 55 Item Schematics ----------------- None Robot Schematics ------------------ None Fabricated ------------ Nothing Alien Tech Used ----------------- None Achievements -------------- None Challenges ------------ None Game ------ Seed ThiefDataObliterator Manual? 0 Play Time 00:10:12 Cumulative 3.1 hours Start 2024.12.11 @ 12:45:06 End 2024.12.11 @ 12:55:36 Sessions 1 Manual Loads 0 Difficulty Rogue Special Mode None Game No. 8 Rogue 3 Adventurer 5 Explorer 0 Win Type - Total 0 Types 0/0/0/0/0/0/0/0/0 Lore% 0 Gallery% 7 Achievement% 10 Wizard Run 0 Options --------- Layout 1 ASCII 0 Keyboard 0 Movement Mouse Keybinds 0 Fullscreen 1 Font 24/Smallcaps Map View 50x35 Zoom Use 0% Tactical HUD 0 Map Filters NONE Filters NONE Steam 1 RUN: 851de252-a0e6-45b4-83d6-6ab6a1e35060